 Dungeon Crawl Stone Soup version 0.20-b1 (webtiles) character file.

9647 KristoblXynda the Thaumaturge (level 11, -13/60 HPs)
             Began as a Deep Elf Conjurer on May 18, 2017.
             Was a Believer of Vehumet.
             Mangled by a skeletal warrior
             ... wielding a +2 halberd of flaming
              (14 damage)
             ... in a volcano.
             The game lasted 00:38:26 (11112 turns).

KristoblXynda the Thaumaturge (Deep Elf Conjurer)  Turns: 11112, Time: 00:38:27

Health: -13/60     AC:  5    Str:  5    XL:     11   Next: 25%
Magic:  2/29       EV: 17    Int: 29    God:    Vehumet [**....]
Gold:   260        SH:  0    Dex: 15    Spells: 23/35 levels left

rFire    . . .     SeeInvis +   w - +1 hand axe (flame)
rCold    . . .     Gourm    .   (no shield)
rNeg     . . .     Faith    .   a - +0 robe
rPois    +         Spirit   .   (helmet restricted)
rElec    +         Reflect  .   (no cloak)
rCorr    .         Harm     .   (no gloves)
MR       +....                  (no boots)
Stlth    +++.......             e - amulet of regeneration
Regen    0.6/turn               l - +3 ring of protection
MPRegen  0.3/turn               y - ring of see invisible

@: brilliant, very slightly contaminated, hasted, very quick
A: horns 1, talons 1, poison resistance, electricity resistance, evolution 1
a: Renounce Religion


You were in a volcano.
You worshipped Vehumet.
Vehumet was pleased with you.
You were not hungry.

You visited 3 branches of the dungeon, and saw 12 of its levels.
You also visited: Volcano.

You collected 449 gold pieces.
You spent 189 gold pieces at shops.

Inventory:

Hand Weapons
 w - a +1 hand axe of flaming (weapon)
Missiles
 u - a throwing net (quivered)
Armour
 a - a +0 robe (worn)
 j - a +0 shield
Jewellery
 e - an amulet of regeneration (around neck)
 l - a +3 ring of protection (left hand)
 y - a ring of see invisible (right hand)
Wands
 A - a wand of lightning (0/15)
Scrolls
 b - 4 scrolls of identify
 n - 7 scrolls of remove curse
 z - 2 scrolls of vulnerability
Potions
 m - a potion of heal wounds
 s - 4 potions of curing
 B - 2 potions of cancellation
Comestibles
 f - 5 meat rations
 g - a royal jelly
 h - 5 fruits
 i - 2 bread rations


   Skills:
 - Level 3.1 Fighting
 - Level 8.1 Dodging
 - Level 4.0 Stealth
 + Level 2.1 Shields
 + Level 12.7 Spellcasting
 + Level 11.3 Conjurations
 - Level 3.3 Hexes
 - Level 5.0 Translocations
 + Level 3.3 Ice Magic
 - Level 3.2 Evocations


You had 23 spell levels left.
You knew the following spells:

 Your Spells              Type           Power        Failure   Level  Hunger
a - Magic Dart            Conj           ####         1%          1    None
b - Dazzling Spray        Conj/Hex       ######       1%          3    None
c - Force Lance           Conj/Tloc      ######..     1%          4    None
d - Summon Ice Beast      Ice/Summ       #####...     1%          4    None


Dungeon Overview and Level Annotations

Branches:
Dungeon (9/15)             Temple (1/1) D:6            Lair (2/6) D:9
 Shoals (0/4) Lair:2
  Snake: Lair:2-4    Spider: Lair:2-4       Orc: D:9-12

Altars:
Ashenzari
Cheibriados
Dithmenos
Elyvilon
Fedhas
Gozag
Hepliaklqana
Kikubaaqudgha
Makhleb
Nemelex Xobeh
Okawaru
Qazlal
Ru
Sif Muna
Trog
Uskayaw
Vehumet
Xom
Yredelemnul
Zin
The Shining One

Shops:
D:4 !(   D:7 }*!:*


Innate Abilities, Weirdness & Mutations

You have a pair of small horns on your head.
You have sharp toenails.
Your system is resistant to poisons. (rPois)
You are resistant to electric shocks. (rElec)
You evolve.


Message History

Unknown command.
The flying skull barely misses you.
Okay, then.
You feel yourself speed up.
The skeletal warrior hits you from afar with a halberd of flaming!
The skeletal warrior burns you.
The flying skull hits you but does no damage.
There is a rocky tunnel leading out of this place here.
A flying skull comes into view.
You feel clever all of a sudden. The flying skull hits you.
The flying skull hits you!
The skeletal warrior closely misses you.
The flying skull hits you.
The gargoyle hurls a stone arrow at you.
The stone arrow hits you!
Ouch! That really hurt!
* * * LOW HITPOINT WARNING * * *
The skeletal warrior hits you from afar with a halberd of flaming!
You die...

### ######.#####
###..........####
#...#.#.........#
..§.....§...9...####
.....≈≈§§.......@..##
...≈≈§§≈§≈≈......z..##
≈≈§≈≈§§≈§≈≈≈....∩z∩..##
≈≈≈≈§§§≈§≈≈≈§§§.......##
≈≈§≈≈≈§§§≈≈≈§≈§§§......#*
≈§≈§≈§§§§§≈≈§§§§§≈§≈..§§#*
≈≈≈§≈≈≈≈§≈§≈≈≈≈≈§≈≈≈≈.§.§#*
§§§≈§≈≈≈≈§§§§≈≈≈≈≈≈≈§≈§§≈§#
§§≈≈≈≈≈≈8§§§§≈§≈≈≈≈≈≈≈≈§§≈#


You could see a skeletal warrior, a gargoyle and a flying skull.

Vanquished Creatures
  4 two-headed ogres
  A manticore (Lair:2)
  A spiny frog (Lair:1)
  Grinder (D:3)
  2 trolls
  3 hippogriffs
  A hornet (D:8)
  A flying skull (Volcano)
  4 yaks (Lair:1)
  A basilisk (Lair:1)
  A porcupine (Lair:1)
  3 water moccasins
  2 sky beasts
  3 orc warriors
  A phantom (D:6)
  3 ice beasts
  An ogre (D:6)
  3 wolves (D:9)
  A centaur (D:9)
  2 crocodiles
  A big kobold (D:9)
  3 bullfrogs
  A water moccasin zombie (D:7)
  3 scorpions
  2 water moccasin skeletons
  6 killer bees (D:8)
  4 electric eels (D:9)
  2 centaur zombies
  3 crimson imps
  A quasit (D:7)
  A jelly (D:8)
  8 hounds
  2 centaur skeletons
  3 orc priests
  A bullfrog skeleton (D:9)
  5 orc wizards
  Natasha (twice) (D:3)
  3 iguanas
  5 worker ants
  A killer bee zombie (D:7)
  A hound skeleton (D:5)
  Robin (D:3)
  A worker ant zombie (D:6)
  4 gnolls (D:2)
  6 adders
  5 shadow imps
  An adder zombie (D:7)
  2 adder skeletons
  5 worms
  4 dart slugs
  5 leopard geckos
  24 orcs
  3 giant cockroaches
  10 goblins
  11 hobgoblins
  14 jackals
  3 quokkas
  2 ball pythons
  A ball python skeleton (D:5)
  5 bats
  7 frilled lizards
  A goblin skeleton (D:7)
  A goblin zombie (D:7)
  A jackal skeleton (D:6)
  A jackal zombie (D:5)
  6 kobolds
  3 kobold skeletons (D:7)
  2 kobold zombies (D:7)
  2 orc skeletons (D:7)
  A quokka skeleton (D:5)
  16 rats
245 creatures vanquished.

Vanquished Creatures (others)
  An orc warrior (D:6)
  A fungus (Lair:1)
2 creatures vanquished.

Grand Total: 247 creatures vanquished

Notes
Turn   | Place    | Note
-------+----------+-------------------------------------------
     0 | D:1      | KristoblXynda the Deep Elf Conjurer began the quest for the Orb.
     0 | D:1      | Reached XP level 1. HP: 10/10 MP: 6/6
    92 | D:1      | Reached XP level 2. HP: 13/15 MP: 1/8
   673 | D:2      | Reached XP level 3. HP: 19/19 MP: 5/10
   880 | D:2      | Found a shadowy altar of Dithmenos.
  1114 | D:2      | Reached skill level 4 in Spellcasting
  1177 | D:2      | Reached XP level 4. HP: 24/24 MP: 0/12
  1182 | D:2      | Learned a level 3 spell: Dazzling Spray
  1187 | D:2      | Learned a level 4 spell: Force Lance
  1208 | D:2      | Reached skill level 5 in Conjurations
  1767 | D:3      | Noticed Grinder
  1797 | D:3      | Paralysed by Grinder for 6 turns
  1837 | D:3      | Killed Grinder
  1837 | D:3      | Reached skill level 5 in Spellcasting
  1837 | D:3      | Reached XP level 5. HP: 28/28 MP: 0/15
  1837 | D:3      | Reached XP level 6. HP: 32/32 MP: 0/16
  2024 | D:3      | Noticed Natasha
  2031 | D:3      | Killed Natasha
  2273 | D:3      | Reached skill level 6 in Spellcasting
  2314 | D:3      | Found a shattered altar of Ashenzari.
  2473 | D:3      | Noticed Natasha
  2479 | D:3      | Killed Natasha
  2496 | D:3      | Noticed Robin
  2517 | D:3      | Killed Robin
  2887 | D:4      | Found Iloarun's Distillery.
  2983 | D:4      | Reached XP level 7. HP: 36/36 MP: 15/18
  3207 | D:4      | Found a sparkling altar of Nemelex Xobeh.
  3319 | D:4      | Found a blossoming altar of Fedhas.
  3433 | D:4      | Got a shimmering chain mail
  3497 | D:4      | Found Recah's Antique Weapon Shop.
  3515 | D:4      | Identified the +5 chain mail "Zaemagumos" {Int+5} (You found it on level 4 of the Dungeon)
  3796 | D:5      | Entered Level 5 of the Dungeon
  3916 | D:5      | Noticed a troll
  4066 | D:5      | Found an opulent altar of Gozag.
  4167 | D:5      | Killed a troll
  4167 | D:5      | Reached skill level 7 in Spellcasting
  4764 | D:5      | Found a snail-covered altar of Cheibriados.
  4895 | D:5      | Reached skill level 5 in Translocations
  4914 | D:5      | Found a burning altar of Makhleb.
  4914 | D:5      | Found a glowing golden altar of the Shining One.
  5066 | D:5      | Reached XP level 8. HP: 42/42 MP: 12/21
  5106 | D:6      | Reached skill level 1 in Fighting
  5407 | D:6      | Reached skill level 8 in Spellcasting
  5987 | D:6      | Found a shimmering altar of Xom.
  6213 | D:6      | Reached skill level 9 in Spellcasting
  6303 | D:6      | Found a staircase to the Ecumenical Temple.
  6327 | Temple   | Entered the Ecumenical Temple
  6391 | Temple   | Became a worshipper of Vehumet
  6532 | D:7      | Reached XP level 9. HP: 50/50 MP: 4/24
  6690 | D:7      | Found Wirgh's Assorted Antiques.
  6714 | D:7      | Bought a wooden ring for 105 gold pieces
  6714 | D:7      | Bought a worn fluorescent wand for 84 gold pieces
  6723 | D:7      | Found Sinoenid's Distillery.
  6745 | D:7      | Found a glowing golden altar of the Shining One.
  6746 | D:7      | Found Gaixef's Gadget Shoppe.
  6949 | D:7      | Found Eqyomeul's General Store.
  7143 | D:7      | Found Vyfecveted's Book Boutique.
  7219 | D:7      | Reached * piety under Vehumet
  7219 | D:7      | Offered knowledge of Flame Tongue by Vehumet.
  7414 | D:8      | Gained mutation: You have a pair of small horns on your head. [mutagenic meat]
  7415 | D:8      | Gained mutation: Your spells are a little harder to cast, but a little more powerful. [mutagenic meat]
  7416 | D:8      | Lost mutation: Your spells are a little harder to cast, but a little more powerful. [mutagenic meat]
  7417 | D:8      | Gained mutation: You have sharp toenails. [mutagenic meat]
  7557 | D:8      | Reached skill level 10 in Spellcasting
  7771 | D:8      | Reached skill level 5 in Dodging
  7983 | D:8      | Noticed a two-headed ogre
  7991 | D:8      | Killed a two-headed ogre
  7991 | D:8      | Reached skill level 11 in Spellcasting
  7991 | D:8      | Reached skill level 10 in Conjurations
  8406 | D:8      | Reached XP level 10. HP: 49/56 MP: 6/27
  8548 | D:8      | Got a smoking chain mail
  8559 | D:8      | Identified the +0 chain mail of Xom's Envy {SInv} (You found it on level 8 of the Dungeon)
  8616 | D:9      | Gained mutation: You evolve. [mutagenic meat]
  8686 | D:9      | Reached skill level 1 in Hexes
  9066 | D:9      | Noticed a two-headed ogre
  9081 | D:9      | Killed a two-headed ogre
  9294 | D:9      | Reached ** piety under Vehumet
  9294 | D:9      | Offered knowledge of Throw Flame by Vehumet.
  9298 | D:9      | Gained mutation: Your system is resistant to poisons. (rPois) [evolution]
  9318 | D:9      | Found a staircase to the Lair.
  9354 | D:9      | Reached skill level 1 in Evocations
  9543 | D:9      | Learned a level 4 spell: Summon Ice Beast
  9630 | D:9      | Noticed a two-headed ogre
  9639 | D:9      | Killed a two-headed ogre
  9639 | D:9      | Reached skill level 12 in Spellcasting
  9743 | Lair:1   | Entered Level 1 of the Lair of Beasts
 10065 | Lair:1   | Noticed a two-headed ogre
 10078 | Lair:1   | Reached skill level 1 in Ice Magic
 10157 | Lair:1   | Killed a two-headed ogre
 10157 | Lair:1   | Reached skill level 1 in Shields
 10157 | Lair:1   | Reached XP level 11. HP: 43/60 MP: 1/29
 10655 | Lair:1   | Gained mutation: You are resistant to electric shocks. (rElec) [evolution]
 10844 | Lair:2   | Found a staircase to the Shoals.
 10965 | Lair:2   | Found a dark tunnel.
 10974 | Volcano  | Entered a volcano
 11061 | Volcano  | Noticed a skeletal warrior
 11112 | Volcano  | HP: 1/60 [gargoyle/stone arrow (30)]
 11112 | Volcano  | Mangled by a skeletal warrior

Skill      XL: |  1  2  3  4  5  6  7  8  9 10 11 |
---------------+----------------------------------+-----
Stealth        | 3 4 |  4.0
Spellcasting   | 4 5 6 7 9 11 12 | 12.7
Conjurations   | 5 6 7 8 10 11 | 11.3
Translocations | 2 3 5 |  5.0
Fighting       | 3 |  3.1
Dodging        | 6 8 |  8.1
Hexes          | 3 |  3.3
Evocations     | 3 |  3.2
Ice Magic      | 2 3 |  3.3
Shields        | 1 2 |  2.1

Action                   |  1- 3 |  4- 6 |  7- 9 | 10-12 || total
-------------------------+-------+-------+-------+-------++-------
Melee: Dagger            |    20 |    39 |       |       ||    59
       Mace              |       |     4 |    26 |       ||    30
       Hand axe          |       |       |   217 |    80 ||   297
       Kick              |       |       |     6 |    18 ||    24
       Headbutt          |       |       |     6 |    16 ||    22
 Cast: Magic Dart        |    73 |   120 |    97 |    38 ||   328
       Dazzling Spray    |       |     5 |    51 |    27 ||    83
       Force Lance       |       |       |    59 |    74 ||   133
Evoke: Wand              |       |       |       |     3 ||     3
  Use: Scroll            |     5 |     6 |    10 |     6 ||    27
       Potion            |       |     6 |     2 |     4 ||    12
 Stab: Invisible         |       |     3 |       |     2 ||     5
       Sleeping          |       |     1 |     7 |     1 ||     9
       Distracted        |       |       |     1 |       ||     1
  Eat: Royal jelly       |     1 |       |     1 |       ||     2
       Bread ration      |       |     1 |     1 |     2 ||     4
       Chunk             |       |       |    15 |     2 ||    17
       Fruit             |       |       |     2 |       ||     2
Armor: Robe              |     2 |     8 |    90 |    21 ||   121
       Skin              |       |       |    35 |       ||    35
Dodge: Dodged            |    18 |    43 |   250 |   125 ||   436
